 Dungeon Crawl Stone Soup version 0.31-a0-559-g03b8d61ab2 (webtiles) character file.

Game seed: 12118375544122720060

702 AdnanSaban the Cudgeller (level 7, -1/44 HPs)
             Began as a Gargoyle Fighter on Aug 17, 2023.
             Slain by Edmund
             ... wielding a +0 heavy flail
              (6 damage)
             ... on level 5 of the Dungeon.
             The game lasted 00:04:09 (4028 turns).

AdnanSaban the Cudgeller (Gargoyle Fighter)         Turns: 4028, Time: 00:04:09

Health: -1/44      AC: 18    Str: 22    XL:     7   Next: 66%
Magic:  7/7        EV:  6    Int:  8    God:
Gold:   218        SH:  4    Dex:  9    Spells: 6/6 levels left

rFire   . . .        a - +0 flail
rCold   . . .        c - +0 buckler
rNeg    + . .        h - +0 plate armour
rPois   ∞            (no helmet)
rElec   +            (no cloak)
rCorr   .            (no gloves)
SInv    .            u - +0 pair of boots
Will    .....        (no amulet) Stlth
                     (no ring)
HPRegen 0.27/turn    (no ring)
MPRegen 0.10/turn

%: no passive effects
@: no status effects
A: sickness immunity, AC +4, negative energy resistance 1, electricity
resistance, torment resistance 1, petrification resistance
a: no special abilities


You were on level 5 of the Dungeon.
You visited 1 branch of the dungeon, and saw 5 of its levels.
You also visited: Ossuary.

You collected 218 gold pieces.

Inventory:

Hand Weapons
 a - a +0 flail (weapon)
Missiles
 s - 5 atropa-tipped darts
Armour
 c - a +0 buckler (worn)
 h - a +0 plate armour (worn)
 u - a +0 pair of boots (worn)
Jewellery
 k - a ring of flight
 t - a +6 ring of strength
Scrolls
 b - a scroll of vulnerability {unknown}
 e - 2 scrolls of blinking {unknown}
 g - 2 scrolls of enchant armour {unknown}
 i - 3 scrolls of teleportation {unknown}
 l - 2 scrolls of silence {unknown}
 m - a scroll of immolation {unknown}
 n - 4 scrolls of identify {unknown}
 v - a scroll of fog {unknown}
 w - 2 scrolls of enchant weapon {unknown}
Potions
 d - a potion of might
 f - 6 potions of curing {unknown}
 j - 2 potions of brilliance {unknown}
 o - 2 potions of heal wounds {unknown}
 p - a potion of enlightenment {unknown}
 q - 2 potions of resistance {unknown}
 r - a potion of mutation {unknown}
 x - a potion of degeneration {unknown}


   Skills:
 + Level 5.4 Fighting
 + Level 5.5 Maces & Flails
 + Level 5.1 Armour
 + Level 0.6 Dodging
 + Level 0.4 Stealth
 + Level 4.4 Shields


You had 6 spell levels left.
You didn't know any spells.
Your spell library contained the following spells:

 Spells                   Type           Power      Damage    Failure   Level
 Freeze                   Ice            0%         1d3       100%        1
 Frozen Ramparts          Ice            0%         1d1       100%        3
 Hailstorm                Conj/Ice       0%         3d3       100%        3


Dungeon Overview and Level Annotations

Branches:
Dungeon (5/15)            Ossuary (visited)
 Temple: D:4-7

Altars:
Dithmenos
Qazlal

Annotations:
D:5 Edmund


Innate Abilities, Weirdness & Mutations

You are immune to sickness and miasma.
Your stone body is resilient. (AC +4)
You are immune to poison.
You resist negative energy. (rN+)
You are resistant to electric shocks. (rElec)
You are resistant to unholy torment.
You are immune to petrification.


Message History

You now have 214 gold pieces (gained 14).
You now have 218 gold pieces (gained 4).
Edmund the Younger comes into view.
He is wielding a +0 heavy flail.
You see here a scroll labelled EHEEVONNIT.
Edmund attacks as you move away! Edmund hits you with a +0 heavy flail.
Edmund attacks as you move away! Edmund hits you with a +0 heavy flail.
Edmund says, "Everyone always remembers my brother. 'Who's Edmund?' they ask!"
Edmund says, "People will remember me!
They'll remember me and die!"
There is an open door here.
Edmund clears his throat.
There is an open door here.
Edmund says, "People accused me of being a cutpurse!"
Edmund says, "I'm quite good with sums, too."
You see here a dart slug corpse.
The ogre shouts!
You sock the ogre!
The ogre is heavily wounded.
The ogre hits you with a +0 giant club!
You sock the ogre!
The ogre is almost dead.
Edmund hits you with a +0 heavy flail! The ogre hits you with a +0 giant club!
* * * LOW HITPOINT WARNING * * *
You hit the ogre.
The ogre is almost dead.
Edmund hits you with a +0 heavy flail.
* * * LOW HITPOINT WARNING * * *
The ogre closely misses you.
You hit the ogre but do no damage.
The ogre is almost dead.
You block Edmund's attack. The ogre barely misses you.
You hit the ogre.
The ogre is almost dead.
Edmund hits you with a +0 heavy flail.
* * * LOW HITPOINT WARNING * * *
You sock the ogre!
You kill the ogre!
Your Armour skill increases to level 5!
Unknown command.
Edmund attacks as you move away! Edmund hits you with a +0 heavy flail.
You die...

#......### ##.......#
#.##..#.# ####.##....#
#....##.#### #.#####.#
#.....#.# #####.#@#
#...#@# ##.###)#####
###..........#
#.........##.#
#.#####.#.#
#.......#.#
#...#.....#
.#######..#...#.####.#
.....##..##....<.....#


You could see Edmund.

Vanquished Creatures
  A water moccasin (D:5)
  An ogre (D:5)
  2 black bears
  3 hounds
  A sleepcap (D:5)
  A mummy (Ossuary)
  8 adders
  2 worms
  4 dart slugs
  4 spectral bats (Ossuary)
  5 bats
  8 endoplasms
  A giant cockroach (D:2)
  3 hobgoblins
  5 jackals (D:2)
  2 quokkas
  3 ball pythons
  4 frilled lizards
  12 gnoll zombies (Ossuary)
  11 goblins
  2 goblin simulacra (Ossuary)
  3 goblin zombies (Ossuary)
  6 hobgoblin zombies (Ossuary)
  6 kobolds
  2 kobold simulacra (Ossuary)
  5 kobold zombies (Ossuary)
  4 orc zombies (Ossuary)
  4 rats
  4 rat simulacra (Ossuary)
  A spectral goblin (Ossuary)
  2 spectral kobolds (Ossuary)
  3 spectral rats (Ossuary)
123 creatures vanquished.

Notes
Turn   | Place    | Note
-------+----------+-------------------------------------------
     0 | D:1      | AdnanSaban the Gargoyle Fighter began the quest for the
                  | Orb.
     0 | D:1      | Reached XP level 1. HP: 14/14 MP: 1/1
   176 | D:1      | Reached XP level 2. HP: 13/19 MP: 2/2
   476 | D:1      | Reached XP level 3. HP: 23/23 MP: 3/3
  1094 | D:2      | Reached XP level 4. HP: 29/29 MP: 4/4
  1646 | D:3      | Found a faded altar of an unknown god.
  1745 | D:3      | Noticed a black bear
  1789 | D:4      | Reached XP level 5. HP: 32/33 MP: 5/5
  1926 | D:4      | Found a sand-covered staircase.
  1931 | Ossuary  | Entered an ossuary
  2401 | D:4      | Reached XP level 6. HP: 30/39 MP: 6/6
  2507 | D:4      | Identified the +2 leather armour of a treasure trove
                  | {Regen+}
  2772 | D:4      | Found a stormy altar of Qazlal.
  2906 | D:3      | Killed a black bear
  3110 | D:3      | Found a shadowy altar of Dithmenos.
  3463 | D:5      | Entered Level 5 of the Dungeon
  3537 | D:5      | Noticed a water moccasin
  3546 | D:5      | Killed a water moccasin
  3547 | D:5      | Reached skill level 5 in Maces & Flails
  3547 | D:5      | Reached XP level 7. HP: 38/44 MP: 7/7
  3773 | D:5      | Reached skill level 5 in Fighting
  3948 | D:5      | Noticed Edmund
  4028 | D:5      | Reached skill level 5 in Armour
  4028 | D:5      | Slain by Edmund

Illustrated notes

Levels and vault maps discovered:
D:1:      lightli_arrival_boilingwater, layout_loops_ring
D:2:      layout_basic
D:3:      layout_loops_ring, nicolae_dithmenos_the_darkroom,
          basic_ecumenical_altar, kennysheep_generic_room_4
D:4:      layout_basic, grunt_qazlal_clouds, enter_ossuary_5, serial_glass,
          glass_columns_a, glass_columns_a, item_on_display_a,
          item_on_display_a, feat_on_display, minmay_strange_pillars
D:5:      layout_basic, minmay_bent, uniq_edmund

Skill      XL: |  1  2  3  4  5  6  7 |
---------------+----------------------+-----
Maces & Flails | 3 4 5 |  5.5
Armour         | 4 5 |  5.1
Fighting       | 4 5 |  5.4
Shields        | 4 |  4.4
Dodging        | |  0.6
Stealth        | |  0.4

Action                     |  1- 3 |  4- 6 |  7- 9 || total
---------------------------+-------+-------+-------++-------
  Melee: Flail             |   131 |   306 |    67 ||   504
 Armour: Scale mail        |    42 |       |       ||    42
         Plate armour      |    55 |   253 |    50 ||   358
  Dodge: Dodged            |    54 |   108 |    23 ||   185
  Block: Buckler           |    29 |    70 |    22 ||   121

Table legend: (Time is in decaauts)
 A = Elapsed time spent in this place.
 B = Non-inter-level travel time spent in this place.
 C = Inter-level travel time spent in this place.
 D = Time resting spent in this place.
 E = Time spent auto-exploring this place.
 F = Levels seen in this place.
 G = Mean time per level.
                   A        B        C        D        E       F      G
               +--------+--------+--------+--------+--------+-----+--------+
         Total |   4155 |   3998 |    157 |     77 |   2794 |   6 |  692.5 |
       Dungeon |   3693 |   3536 |    157 |     77 |   2619 |   5 |  738.6 |
       Ossuary |    461 |    461 |      0 |      0 |    175 |   1 |  461.0 |
               +--------+--------+--------+--------+--------+-----+--------+

Top non-repeatable levels by time:
     D:4: 876 daAuts
     D:3: 823 daAuts
     D:2: 788 daAuts
     D:1: 759 daAuts
 Ossuary: 461 daAuts
     D:5: 445 daAuts
